 Dungeon Crawl Stone Soup version 0.22.0-76-g6cd1571672 (webtiles) character file.

3637 Grim the Grappler (level 9, -3/106 HPs)
             Began as a Minotaur Berserker on Sept 15, 2018.
             Was a Priest of Trog.
             Slain by Harold
             ... wielding a +0 trident
              (20 damage)
             ... on level 9 of the Dungeon.
             The game lasted 00:12:59 (7535 turns).

Grim the Grappler (Minotaur Berserker)              Turns: 7535, Time: 00:12:59

Health: -3/106     AC:  7    Str: 26    XL:     9   Next: 87%
Magic:  8/8        EV: 12    Int:  5    God:    Trog [***...]
Gold:   348        SH:  0    Dex: 13    Spells: 8/8 levels left

rFire    . . .     SeeInvis .     - Unarmed
rCold    . . .     Gourm    .   (no shield)
rNeg     . . .     Faith    .   m - +0 ring mail
rPois    .         Spirit   .   (helmet restricted)
rElec    .         Reflect  .   D - +0 cloak
rCorr    .         Harm     .   (no gloves)
MR       .....                  z - +0 pair of boots
Stlth    ..........             G - amulet of magic regeneration
HPRegen  0.27/turn              (no ring)
MPRegen  0.36/turn              (no ring)

@: berserking, very quick
A: retaliatory headbutt, horns 2
a: Berserk, Trog's Hand, Renounce Religion


You were on level 9 of the Dungeon.
You worshipped Trog.
Trog was most pleased with you.
You were not hungry.

You visited 1 branch of the dungeon, and saw 7 of its levels.

You collected 348 gold pieces.

Inventory:

Hand Weapons
 a - a +0 shortbow
Missiles
 k - 7 tomahawks (quivered)
 t - 6 javelins
 v - 34 poisoned needles
 I - 17 arrows
Armour
 m - a +0 ring mail (worn)
 z - a +0 pair of boots (worn)
 D - a +0 cloak (worn)
 H - a +0 animal skin
Jewellery
 G - an amulet of magic regeneration (around neck)
Wands
 h - a wand of paralysis (14)
 j - a wand of flame (57)
 x - a wand of digging (8)
 E - a wand of polymorph (13)
Scrolls
 c - 2 scrolls of enchant weapon {unknown}
 e - 7 scrolls of immolation {unknown}
 i - a scroll of blinking {unknown}
 o - 3 scrolls of remove curse
 p - 3 scrolls of teleportation
 r - 2 scrolls of amnesia {unknown}
 y - a scroll of enchant armour {unknown}
 A - a scroll of fear {unknown}
 B - 3 scrolls of noise {unknown}
 F - 2 scrolls of fog {unknown}
 J - a scroll of silence {unknown}
 K - a scroll of magic mapping {unknown}
Potions
 d - 3 potions of curing
 f - 4 potions of ambrosia
 g - 2 potions of agility
 l - 2 potions of haste
 n - 4 potions of flight
 q - a potion of brilliance {unknown}
 u - 3 potions of might
 w - 3 potions of lignification
 C - a potion of resistance {unknown}
Comestibles
 b - 13 rations


   Skills:
 - Level 4.1 Fighting
 - Level 2.4 Armour
 - Level 2.1 Dodging
 - Level 1.4 Stealth
 * Level 14.7 Unarmed Combat


You had 8 spell levels left.
You didn't know any spells.
Your spell library was empty.

Dungeon Overview and Level Annotations

Branches:
Dungeon (9/15)               Lair (0/6) D:8
 Temple: D:4-7          Orc: D:9-12

Altars:
Cheibriados
Elyvilon
Fedhas
Hepliaklqana
Kikubaaqudgha
Okawaru
Wu Jian
Xom
Yredelemnul
Zin

Shops:
D:8 }

Annotations:
D:9 Harold


Innate Abilities, Weirdness & Mutations

You reflexively headbutt those who attack you in melee.
You have a pair of horns on your head.


Message History

You struggle against the net.
Something hits you but does no damage.
Harold hits you from afar with a trident!
You struggle against the net.
Something hits you but does no damage.
You struggle against the net.
Something hits you but does no damage.
Harold hits you from afar with a trident!
You rip the net and break free!
Something hits you.
Harold hits you from afar with a trident.
You are now empty-handed.
Something hits you!
* * * LOW HITPOINT WARNING * * *
Harold closely misses you. Something hits you but does no damage.
Something hits you but does no damage. Harold misses you.
A red film seems to cover your vision as you go berserk!
You feel yourself moving faster!
You feel mighty! Something hits you but does no damage.
Harold hits you with a trident!
* * * LOW HITPOINT WARNING * * *
You punch Harold!
Harold is moderately wounded.
Harold hits you with a trident!!
You die...

.. ... .. ... ###'# .#
...##...##.# . ...........#
.. ...........# ...
....(......#....
...........'....
......@@...#.....#
...#####'###.....#
######.............#
#..................#
#..................#
#.......<..........#
#..................#
########..................#
..........>..########.....#


You could see Harold.

Vanquished Creatures
  A centaur zombie (D:9)
  2 hippogriffs
  3 yaks (D:9)
  2 porcupines (D:8)
  2 orc warriors
  A black bear (D:8)
  A centaur (D:9)
  Blork the orc (D:5)
  3 bullfrogs (D:8)
  A wyvern skeleton (D:8)
  2 scorpions
  11 killer bees
  3 crimson imps
  6 hounds
  A jelly (D:9)
  Ijyb (D:4)
  6 orc priests
  6 orc wizards
  A bullfrog skeleton (D:4)
  2 iguanas (D:9)
  5 worker ants
  3 gnolls
  5 adders
  2 shadow imps
  2 oozes
  An adder skeleton (D:4)
  2 worms
  A leopard gecko (D:4)
  22 orcs
  7 ball pythons
  8 giant cockroaches
  10 hobgoblins
  11 kobolds
  6 bats
  7 frilled lizards
  8 goblins
  3 rats
159 creatures vanquished.

Vanquished Creatures (others)
  3 fungi (D:8)
  2 plants (D:8)
5 creatures vanquished.

Grand Total: 164 creatures vanquished

Notes
Turn   | Place    | Note
-------+----------+-------------------------------------------
     0 | D:1      | Grim the Minotaur Berserker began the quest for the Orb.
     0 | D:1      | Reached XP level 1. HP: 19/19 MP: 0/0
    30 | D:1      | Reached skill level 4 in Unarmed Combat
    30 | D:1      | Reached XP level 2. HP: 17/26 MP: 1/1
   827 | D:1      | Reached ** piety under Trog
   827 | D:1      | Reached XP level 3. HP: 31/31 MP: 2/2
  1311 | D:1      | Reached skill level 5 in Unarmed Combat
  1527 | D:2      | Reached XP level 4. HP: 19/39 MP: 3/3
  2345 | D:3      | Found a transporter.
  2369 | D:3      | Reached skill level 6 in Unarmed Combat
  2375 | D:3      | Reached XP level 5. HP: 18/45 MP: 4/4
  2547 | D:3      | Found a transporter.
  2692 | D:3      | Found a hazy altar of Hepliaklqana.
  2692 | D:3      | Found an iron altar of Okawaru.
  2739 | D:3      | Found an ornate altar of the Wu Jian Council.
  3016 | D:3      | Reached skill level 7 in Unarmed Combat
  3102 | D:4      | Noticed Ijyb
  3114 | D:4      | Killed Ijyb
  3114 | D:4      | Reached XP level 6. HP: 51/51 MP: 5/5
  3176 | D:4      | Found a shimmering altar of Xom.
  3466 | D:4      | Reached skill level 8 in Unarmed Combat
  3573 | D:4      | Reached *** piety under Trog
  3619 | D:4      | Reached skill level 1 in Stealth
  3658 | D:4      | Found a snail-covered altar of Cheibriados.
  3663 | D:4      | Found a blossoming altar of Fedhas.
  3663 | D:4      | Found an ancient bone altar of Kikubaaqudgha.
  3664 | D:4      | Found a glowing silver altar of Zin.
  3666 | D:4      | Found a basalt altar of Yredelemnul.
  3668 | D:4      | Found a white marble altar of Elyvilon.
  3877 | D:4      | Reached XP level 7. HP: 49/57 MP: 6/6
  3946 | D:4      | Reached skill level 9 in Unarmed Combat
  4167 | D:5      | Entered Level 5 of the Dungeon
  4185 | D:5      | Noticed Blork the orc
  4192 | D:5      | Killed Blork the orc
  4625 | D:5      | You fall through a shaft for 3 floors!
  4627 | D:8      | Reached skill level 10 in Unarmed Combat
  4635 | D:8      | Found a staircase to the Lair.
  4690 | D:8      | Reached XP level 8. HP: 55/64 MP: 7/7
  4695 | D:8      | Reached skill level 11 in Unarmed Combat
  5252 | D:8      | Noticed a hippogriff
  5264 | D:8      | Killed a hippogriff
  5264 | D:8      | Reached skill level 12 in Unarmed Combat
  5398 | D:8      | Found Inoig Bugiubb's Gadget Boutique.
  5491 | D:8      | Reached XP level 9. HP: 61/71 MP: 8/8
  5998 | D:9      | Reached skill level 13 in Unarmed Combat
  6586 | D:9      | Reached skill level 14 in Unarmed Combat
  7523 | D:9      | Noticed Harold
  7535 | D:9      | Slain by Harold

Skill      XL: |  1  2  3  4  5  6  7  8  9 |
---------------+----------------------------+-----
Unarmed Combat | 4 5 6 7 8 10 12 14 | 14.7
Stealth        | 1 |  1.4
Fighting       | 4 |  4.1
Armour         | |  2.4
Dodging        | |  2.1

Action                   |  1- 3 |  4- 6 |  7- 9 || total
-------------------------+-------+-------+-------++-------
Melee: Unarmed           |    87 |   135 |   163 ||   385
       Headbutt          |    16 |    22 |    35 ||    73
       Punch             |       |     1 |     6 ||     7
 Fire: Shortbow          |       |       |    23 ||    23
Invok: Berserk           |     2 |     3 |     7 ||    12
       Trog's Hand       |       |     3 |     5 ||     8
  Use: Scroll            |       |     4 |     5 ||     9
       Potion            |       |     2 |       ||     2
  Eat: Chunk             |     2 |     8 |     4 ||    14
       Ration            |       |     1 |     6 ||     7
Armor: Animal skin       |    14 |     3 |       ||    17
       Ring mail         |       |    24 |    62 ||    86
Dodge: Dodged            |    60 |    72 |    96 ||   228
